[ AOE2 MATCH · #505469293 ]
UnrankedPoles vs Maya
Player's team · WIN
Rival team · LOSS
[ REPLAY ANALYSIS · EXTRACTED FROM THE RECORDED GAME ]
Feudal
10:57
Castle
19:51
Imperial
—
| APM avg | 65.0 |
| APM peak | 94 |
| eAPM avg | 21.8 |
| Villagers / military | 45 / 19 |
Focus
⚔️ 36.0% · 🌾 64.0%
Skirmisher ×10 · Archer ×9
Feudal
10:31
Castle
20:03
Imperial
—
| APM avg | 80.7 |
| APM peak | 176 |
| eAPM avg | 34.0 |
| Villagers / military | 43 / 24 |
Focus
⚔️ 48.2% · 🌾 51.8%
Archer ×18 · Militia ×5 · Mangonel ×1
Match map
Initial resources + every placement click. Lines = walls · curves = elevation contours. ◆ gold · ⬟ stone · ● berries · ✦ relic · ◌ wall gap
Your base· ✓ Closed at 19:51 · 50t walls · no gate
不想再玩AOE了's base· Open — opponent sealed themselves in
Smoothed initial terrain · ◌ = detected wall gap · hover for details
Inputs per minute
— CNZS_98T - - 不想再玩AOE了
Build order — CNZS_98T
141 actions detected in the replay
| 0:00 | Create | Villager (Male) |
| 0:01 | Create | Villager (Male) |
| 0:01 | Create | Villager (Male) |
| 0:01 | Create | Villager (Male) |
| 0:02 | Build | House |
| 0:04 | Build | House |
| 1:33 | Create | Villager (Male) |
| 1:53 | Create | Villager (Male) |
| 1:55 | Build | Lumber Camp |
| 2:13 | Create | Villager (Male) |
| 2:41 | Create | Villager (Male) |
| 3:08 | Create | Villager (Male) |
| 3:30 | Build | House |
| 3:35 | Create | Villager (Male) |
| 3:52 | Create | Villager (Male) |
| 4:02 | Build | Palisade Wall |
| 4:07 | Create | Villager (Male) |
| 4:07 | Create | Villager (Male) |
| 4:25 | Create | Villager (Male) |
| 4:46 | Create | Villager (Male) |
| 5:08 | Build | Mill |
| 5:28 | Build | House |
| 5:34 | Create | Villager (Male) |
| 5:35 | Create | Villager (Male) |
| 6:13 | Research | Loom |
| 6:16 | Build | Palisade Wall |
| 6:19 | Build | Palisade Wall |
| 6:47 | Build | Palisade Wall |
| 6:56 | Create | Villager (Male) |
| 7:15 | Build | Palisade Wall |
| 7:32 | Create | Villager (Male) |
| 7:45 | Build | Palisade Wall |
| 7:50 | Create | Villager (Male) |
| 8:10 | Create | Villager (Male) |
| 8:12 | Build | Palisade Wall |
| 8:13 | Build | Palisade Wall |
| 8:41 | Research | Feudal Age |
| 8:59 | Build | Palisade Wall |
| 9:24 | Build | House |
| 9:30 | Build | Lumber Camp |
| 9:47 | Build | Barracks |
| 10:02 | Build | Palisade Wall |
| 10:11 | Create | Villager (Male) |
| 10:57 | Age | Feudal Age |
| 11:00 | Build | Archery Range |
| 11:02 | Create | Villager (Male) |
| 11:07 | Build | Mining Camp |
| 11:14 | Research | Double-Bit Axe |
| 11:15 | Create | Villager (Male) |
| 11:41 | Create | Villager (Male) |
| 11:47 | Research | Horse Collar |
| 11:50 | Create | Archer |
| 12:02 | Build | Farm |
| 12:04 | Build | Farm |
| 12:09 | Create | Villager (Male) |
| 12:22 | Build | Farm |
| 12:25 | Build | Farm |
| 12:33 | Create | Archer |
| 12:45 | Build | House |
| 12:53 | Create | Villager (Male) |
| 13:00 | Create | Archer |
| 13:09 | Build | Farm |
| 13:16 | Create | Villager (Male) |
| 13:20 | Build | House |
| 13:25 | Create | Villager (Male) |
| 13:39 | Build | Blacksmith |
| 13:47 | Create | Archer |
| 13:53 | Create | Villager (Male) |
| 14:03 | Build | Mill |
| 14:15 | Research | Fletching |
| 14:17 | Create | Villager (Male) |
| 14:23 | Build | House |
| 14:38 | Create | Archer |
| 14:42 | Build | Farm |
| 14:42 | Create | Villager (Male) |
| 14:44 | Build | House |
| 14:50 | Build | Farm |
| 15:01 | Create | Villager (Male) |
| 15:11 | Research | Town Watch |
| 15:13 | Build | Farm |
| 15:15 | Build | Farm |
| 15:20 | Build | House |
| 15:22 | Build | Palisade Wall |
| 15:25 | Build | Palisade Wall |
| 15:30 | Build | Farm |
| 15:32 | Create | Archer |
| 15:37 | Build | Farm |
| 15:46 | Build | House |
| 15:54 | Create | Archer |
| 15:56 | Create | Villager (Male) |
| 16:04 | Build | House |
| 16:16 | Build | House |
| 16:30 | Build | House |
| 16:40 | Build | Farm |
| 16:41 | Build | Farm |
| 16:41 | Create | Villager (Male) |
| 16:56 | Build | House |
| 17:00 | Build | Palisade Wall |
| 17:02 | Build | Palisade Wall |
| 17:11 | Research | Castle Age |
| 17:29 | Build | House |
| 17:34 | Create | Archer |
| 17:36 | Research | Padded Archer Armor |
| 17:41 | Build | Archery Range |
| 17:54 | Create | Archer |
| 18:15 | Create | Skirmisher |
| 18:15 | Create | Skirmisher |
| 18:21 | Build | Mining Camp |
| 18:27 | Create | Skirmisher |
| 18:43 | Create | Skirmisher |
| 18:57 | Create | Skirmisher |
| 19:04 | Create | Skirmisher |
| 19:04 | Create | Skirmisher |
| 19:20 | Create | Skirmisher |
| 19:28 | Research | Wheelbarrow |
| 19:42 | Build | Farm |
| 19:51 | Age | Castle Age |
| 19:54 | Build | Palisade Wall |
| 20:00 | Research | Elite Skirmisher (upgrade) |
| 20:30 | Research | Bodkin Arrow |
| 20:31 | Research | Bodkin Arrow |
| 20:36 | Build | Town Center |
| 20:58 | Create | Villager (Male) |
| 21:16 | Create | Villager (Male) |
| 21:22 | Create | Villager (Male) |
| 21:31 | Build | Town Center |
| 21:33 | Research | Leather Archer Armor |
| 21:39 | Build | Palisade Wall |
| 21:46 | Create | Villager (Male) |
| 21:57 | Build | Palisade Wall |
| 22:00 | Create | Skirmisher |
| 22:00 | Create | Skirmisher |
| 22:06 | Build | House |
| 22:09 | Build | House |
| 22:11 | Create | Villager (Male) |
| 22:13 | Create | Villager (Male) |
| 22:13 | Create | Villager (Male) |
| 22:20 | Create | Villager (Male) |
| 22:27 | Create | Villager (Male) |
| 22:35 | Create | Villager (Male) |
| 22:39 | Build | Siege Workshop |
Build order — 不想再玩AOE了
129 actions detected in the replay
| 0:01 | Research | Loom |
| 0:02 | Build | House |
| 0:03 | Build | House |
| 0:04 | Create | Villager (Male) |
| 0:05 | Create | Villager (Male) |
| 0:05 | Create | Villager (Male) |
| 1:29 | Create | Villager (Male) |
| 1:29 | Create | Villager (Male) |
| 1:51 | Create | Villager (Male) |
| 1:54 | Build | Lumber Camp |
| 2:11 | Create | Villager (Male) |
| 2:42 | Create | Villager (Male) |
| 3:00 | Create | Villager (Male) |
| 3:00 | Create | Villager (Male) |
| 3:24 | Create | Villager (Male) |
| 3:50 | Create | Villager (Male) |
| 3:56 | Build | House |
| 4:22 | Create | Villager (Male) |
| 4:36 | Build | Barracks |
| 4:42 | Create | Villager (Male) |
| 4:42 | Create | Villager (Male) |
| 5:27 | Build | House |
| 5:31 | Create | Militia |
| 5:34 | Create | Militia |
| 5:35 | Create | Villager (Male) |
| 5:46 | Build | House |
| 6:06 | Create | Villager (Male) |
| 6:20 | Create | Villager (Male) |
| 6:46 | Create | Villager (Male) |
| 6:52 | Build | Mill |
| 7:30 | Create | Villager (Male) |
| 7:43 | Create | Villager (Male) |
| 8:19 | Research | Feudal Age |
| 9:06 | Build | Mining Camp |
| 9:13 | Build | Mill |
| 9:29 | Create | Militia |
| 9:30 | Create | Militia |
| 10:06 | Create | Militia |
| 10:13 | Build | Farm |
| 10:21 | Create | Villager (Male) |
| 10:27 | Build | House |
| 10:31 | Age | Feudal Age |
| 10:33 | Research | Man-at-Arms (upgrade) |
| 10:33 | Research | Man-at-Arms (upgrade) |
| 10:35 | Create | Villager (Male) |
| 10:42 | Build | Archery Range |
| 10:49 | Research | Double-Bit Axe |
| 11:00 | Create | Villager (Male) |
| 11:24 | Build | House |
| 11:26 | Create | Archer |
| 11:32 | Create | Villager (Male) |
| 11:40 | Build | Farm |
| 11:42 | Build | Farm |
| 11:56 | Build | House |
| 11:59 | Create | Villager (Male) |
| 12:01 | Create | Archer |
| 12:08 | Build | Farm |
| 12:10 | Build | Farm |
| 12:17 | Create | Villager (Male) |
| 12:31 | Create | Archer |
| 12:32 | Create | Villager (Male) |
| 12:58 | Create | Archer |
| 13:05 | Build | Blacksmith |
| 13:18 | Create | Villager (Male) |
| 13:20 | Build | Farm |
| 13:22 | Build | Farm |
| 13:31 | Create | Archer |
| 13:32 | Create | Villager (Male) |
| 13:34 | Build | Farm |
| 13:47 | Create | Villager (Male) |
| 13:55 | Build | House |
| 14:00 | Build | Farm |
| 14:03 | Research | Fletching |
| 14:10 | Create | Villager (Male) |
| 14:26 | Build | House |
| 14:29 | Build | Farm |
| 14:30 | Create | Archer |
| 14:42 | Build | Farm |
| 14:53 | Create | Villager (Male) |
| 14:58 | Create | Archer |
| 15:01 | Build | House |
| 15:05 | Build | Farm |
| 15:23 | Create | Archer |
| 15:27 | Research | Wheelbarrow |
| 15:32 | Build | House |
| 15:34 | Build | Palisade Wall |
| 15:36 | Create | Archer |
| 15:42 | Create | Villager (Male) |
| 16:10 | Create | Villager (Male) |
| 16:15 | Create | Archer |
| 17:12 | Create | Archer |
| 17:24 | Research | Castle Age |
| 17:32 | Build | Lumber Camp |
| 17:33 | Create | Archer |
| 17:38 | Build | House |
| 17:46 | Research | Padded Archer Armor |
| 18:00 | Create | Archer |
| 18:14 | Build | House |
| 18:32 | Create | Archer |
| 18:42 | Research | Horse Collar |
| 18:42 | Research | Horse Collar |
| 18:46 | Build | House |
| 18:46 | Build | Palisade Wall |
| 18:49 | Create | Archer |
| 19:31 | Build | House |
| 19:35 | Create | Archer |
| 19:38 | Create | Villager (Male) |
| 20:03 | Age | Castle Age |
| 20:04 | Research | Crossbowman (upgrade) |
| 20:04 | Research | Crossbowman (upgrade) |
| 20:04 | Research | Bodkin Arrow |
| 20:06 | Build | Siege Workshop |
| 20:10 | Build | University |
| 20:15 | Create | Villager (Male) |
| 20:32 | Create | Villager (Male) |
| 20:49 | Create | Mangonel |
| 20:53 | Create | Archer |
| 21:14 | Research | Ballistics |
| 21:14 | Research | Ballistics |
| 21:16 | Build | House |
| 21:16 | Create | Villager (Male) |
| 21:24 | Build | Farm |
| 21:25 | Create | Archer |
| 21:31 | Create | Villager (Male) |
| 21:33 | Research | Gold Mining |
| 21:49 | Create | Villager (Male) |
| 21:50 | Build | Farm |
| 22:17 | Create | Villager (Male) |
| 22:33 | Create | Villager (Male) |
Match timeline
| 4:02 | CNZS_98T · wall_segment Palisade Wall x6 |
| 4:36 | 不想再玩AOE了 · first_building Barracks |
| 6:16 | CNZS_98T · wall_segment Palisade Wall x3 |
| 6:19 | CNZS_98T · wall_segment Palisade Wall x8 |
| 6:47 | CNZS_98T · wall_segment Palisade Wall x5 |
| 7:15 | CNZS_98T · wall_segment Palisade Wall x6 |
| 7:45 | CNZS_98T · wall_segment Palisade Wall x13 |
| 8:12 | CNZS_98T · wall_segment Palisade Wall x1 |
| 8:13 | CNZS_98T · wall_segment Palisade Wall x1 |
| 8:59 | CNZS_98T · wall_segment Palisade Wall x1 |
| 9:47 | CNZS_98T · first_building Barracks |
| 10:02 | CNZS_98T · wall_segment Palisade Wall x1 |
| 10:31 | 不想再玩AOE了 · age_up feudal |
| 10:42 | 不想再玩AOE了 · first_building Archery Range |
| 10:57 | CNZS_98T · age_up feudal |
| 11:00 | CNZS_98T · first_building Archery Range |
| 15:22 | CNZS_98T · wall_segment Palisade Wall x1 |
| 15:25 | CNZS_98T · wall_segment Palisade Wall x3 |
| 15:34 | 不想再玩AOE了 · wall_segment Palisade Wall x1 |
| 17:00 | CNZS_98T · wall_segment Palisade Wall x1 |
| 17:02 | CNZS_98T · wall_segment Palisade Wall x1 |
| 18:46 | 不想再玩AOE了 · wall_segment Palisade Wall x1 |
| 19:51 | CNZS_98T · age_up castle |
| 19:54 | CNZS_98T · wall_segment Palisade Wall x1 |
| 20:03 | 不想再玩AOE了 · age_up castle |
| 20:06 | 不想再玩AOE了 · first_building Siege Workshop |
| 21:39 | CNZS_98T · wall_segment Palisade Wall x1 |
| 21:57 | CNZS_98T · wall_segment Palisade Wall x1 |
| 22:39 | CNZS_98T · first_building Siege Workshop |
| 22:47 | 不想再玩AOE了 · resign |
[ AI ANALYSIS · 1 CREDIT ]
What really happened in this match?
Wolo.gg analyzes every decision: build order, eco, micro, common mistakes by bracket. Personalized analysis on WhatsApp or Discord in 30 seconds.
Civ guide
Poles
Perfil
Jugador #25365699